AoeStats
← Maxi

Golden Pit

509969156Analyzed
1v1 RM · 4d ago on Sep 28, 2026· 52m 36s· 2 players
Game mode
Random Map
Map size
Tiny (2 player)
Population
200
Speed
Normal
Resources
Standard
Victory
Conquest
Starting age
Dark Age
Ending age
Imperial Age
RankedLock teamsTeams togetherTeam positionsShared explorationLock speedFull tech treeHidden civsTurbo modeCheats
Victory
Defeat
🇧🇷 Persians · Brazil
1047
+18
🇫🇷 Wei · France
1080
-18
Maxi
6:57 Loom
9:08 Feudal Age
10:03 Double-Bit Axe
17:03 Horse Collar
18:26 Gold Mining
20:55 Castle Age
19:21 Stone Mining
21:33 Bow Saw
21:29 Heavy Plow
22:05 Gold Shaft Mining
22:36 Wheelbarrow
24:07 Fletching
24:31 Bloodlines
24:22 Husbandry
25:00 Bodkin Arrow
30:42 Hand Cart
34:37 Imperial Age
32:10 Padded Archer Armor
33:17 Fervor
33:25 Leather Archer Armor
34:16 Pikeman
34:56 Squires
36:03 Chemistry
35:24 Ballistics
34:48 Light Cavalry
35:47 Forging
35:38 Scale Mail Armor
36:33 Parthian Tactics
42:07 Town Watch
42:06 Halberdier
43:24 Iron Casting
43:14 Heavy Camel Rider
44:39 Stone Shaft Mining
45:31 Blast Furnace
45:02 Ring Archer Armor
45:10 Conscription
45:53 Chain Mail Armor
45:01 Hussar
46:54 Scale Barding Armor
52:25 Elite War Elephant
53:30 Chain Barding Armor
Ashoka2a
10:44 Feudal Age
9:50 Loom
11:17 Horse Collar
11:25 Double-Bit Axe
11:33 Gold Mining
13:18 Wheelbarrow
23:33 Castle Age
22:21 Scale Barding Armor
22:27 Forging
22:21 Stone Mining
23:23 Bloodlines
24:56 Gold Shaft Mining
24:34 Bow Saw
24:27 Heavy Plow
24:48 Hand Cart
24:43 Pikeman
26:48 Husbandry
26:37 Town Watch
28:07 Fletching
30:19 Iron Casting
30:56 Chain Barding Armor
33:33 Light Cavalry
35:36 Scale Mail Armor
38:32 Imperial Age
38:13 Bodkin Arrow
38:42 Elite Tiger Cavalry
40:32 Blast Furnace
40:01 Conscription
40:17 Crop Rotation
39:22 Capped Ram
41:42 Ming Guang Armor
44:14 Padded Archer Armor
45:18 Thumb Ring
44:54 Siege Ram
50:46 Bracer
51:13 Tuntian
52:29 Leather Archer Armor
Connection lost

Rejoining the realm…

Still unreachable

The connection could not be restored.

Session expired

The server has moved on; the page needs a fresh start.